 Dungeon Crawl Stone Soup version 0.18.1-6-gd335043 (webtiles) character file.

822 Shtopit the Skirmisher (level 7, 0/44 HPs)
             Began as a Gargoyle Berserker on May 19, 2016.
             Was a Priest of Trog.
             Killed by nerve-wracking pain
             ... invoked by an orc priest
              (9 damage)
             ... on level 5 of the Dungeon.
             The game lasted 00:08:52 (4520 turns).

Shtopit the Skirmisher (Gargoyle Berserker)         Turns: 4520, Time: 00:08:52

Health: 0/44       AC: 20    Str: 23    XL:     7   Next: 95%
Magic:  7/7        EV:  9    Int:  7    God:    Trog [***...]
Gold:   296        SH:  0    Dex:  9    Spells: 0 memorised, 6 levels left

rFire  . . .     SeeInvis .     m - +0 mace (protect)
rCold  . . .     Gourm    .     A - +1 chain mail
rNeg   + + .     Faith    .     (no shield)
rPois  ∞         Spirit   .     (no helmet)
rElec  +         Dismiss  .     (no cloak)
rCorr  .         Reflect  .     (no gloves)
SustAt +         Harm     .     (no boots)
MR     .....                    (no amulet)
Stlth  ..........               F - ring of sustain attributes
                                k - ring of positive energy

@: exhausted, very slightly contaminated, slowed, invisible (expiring), very
slow, not resistant to hostile enchantments, extremely unstealthy
A: negative energy resistance 1, electricity resistance, unbreathing,
petrification resistance, rot immunity, AC +4
a: Berserk, Trog's Hand, Burn Spellbooks, Renounce Religion


You were on level 5 of the Dungeon.
You worshipped Trog.
Trog was most pleased with you.
You were very hungry.

You visited 1 branch of the dungeon, and saw 5 of its levels.

You collected 296 gold pieces.

Inventory:

Hand Weapons
 a - a +0 mace
 m - a +0 mace of protection (weapon)
 w - a +0 morningstar
Missiles
 u - 23 poisoned needles
 y - 19 bolts
Armour
 b - a +0 animal skin
 l - a +0 leather armour
 x - a +0 ring mail
 A - a +1 chain mail (worn)
Jewellery
 k - a ring of positive energy (left hand)
 F - a ring of sustain attributes (right hand)
Wands
 v - a wand of digging (6/24)
Scrolls
 d - 3 scrolls of remove curse
 f - 5 scrolls of recharging
 h - a scroll of fear
 i - 3 scrolls of teleportation
 q - a scroll of enchant armour
 t - a scroll of fog {unknown}
 z - a scroll of immolation {unknown}
 B - a scroll of amnesia {unknown}
 C - 2 scrolls of noise {unknown}
 D - a scroll of enchant weapon {unknown}
 E - a scroll of magic mapping {unknown}
Potions
 e - a potion of ambrosia
 g - a potion of invisibility
 n - 2 potions of curing
 p - a potion of mutation {unknown}
Comestibles
 c - 3 bread rations
 j - a royal jelly
 o - a beef jerky
 r - 4 chunks of flesh
 s - 3 meat rations


   Skills:
 + Level 5.4 Fighting
 + Level 5.1 Maces & Flails
 + Level 4.7 Armour
 + Level 4.4 Dodging
 + Level 0.2 Stealth


You had 6 spell levels left.
You didn't know any spells.

Dungeon Overview and Level Annotations

Branches:
Dungeon (5/15)
 Temple: D:4-7

Altars:
Okawaru
Trog

Annotations:
D:5 Eustachio


Innate Abilities, Weirdness & Mutations

You are resistant to torment.
Your stone body is resilient (AC +4).
You are immune to poison.
You resist negative energy.
You are resistant to electric shocks.
You can survive without breathing.
You are immune to petrification.
You are immune to rotting.


Message History

You sock the orc priest!
The orc priest is heavily wounded.
The orc priest hits you but does no damage. x2
Drink which item? (? for menu, Esc to quit)
It was a potion of invisibility.
You fade into invisibility!
The orc priest closely misses you.
You are very lightly contaminated with residual magic.
Drink which item? (? for menu, Esc to quit)
It was a potion of curing.
You feel better. The orc priest closely misses you. x2
Items here: )) [ † a falchion; a hand axe; a leather armour; an orc corpse
Things that are here:
an uncursed shortbow of freezing; 16 arrows; a centaur corpse The orc priest calls upon Beogh to heal the orc priest.
The orc priest is healed somewhat.
You flicker for a moment.
The orc priest invokes the aid of Beogh against something.
Pain shoots through your body!
You die...

#.......# #.#.#
#.......# #)#..
#.......# #)##.#
#...###.# #@# .#
#...###.# #o#
##......###o#
#........#.#
#........#.#
#######......(.#@#
......'........#.#
#######.÷......#.#
.....##........#.#
#......######..#.#
#.##.#[# ..#.#
#.#..#.# #.#
..#..#.# #.#
.....#.#


You could see Eustachio and 2 orc priests.

Vanquished Creatures
  An ogre (D:4)
  A phantom (D:4)
  A centaur (D:5)
  A scorpion (D:4)
  3 howler monkeys
  A hound (D:4)
  5 orc wizards (D:4)
  4 worker ants (D:4)
  6 adders
  An adder skeleton (D:4)
  3 worms
  4 giant geckos
  14 orcs
  2 giant cockroaches
  4 goblins
  7 hobgoblins
  4 jackals
  2 quokkas (D:4)
  2 ball pythons
  A ball python skeleton (D:4)
  2 bats
  A giant gecko skeleton (D:5)
  4 giant newts
  A jackal skeleton (D:1)
  6 kobolds
  3 rats
84 creatures vanquished.

Notes
Turn   | Place    | Note
--------------------------------------------------------------
     0 | D:1      | Shtopit the Gargoyle Berserker began the quest for the Orb.
     0 | D:1      | Reached XP level 1. HP: 14/14 MP: 1/1
   441 | D:1      | Reached XP level 2. HP: 16/19 MP: 2/2
  1020 | D:2      | Reached XP level 3. HP: 16/24 MP: 3/3
  1674 | D:3      | Reached ** piety under Trog
  1896 | D:3      | Found a bloodstained altar of Trog.
  1957 | D:3      | Reached XP level 4. HP: 29/29 MP: 4/4
  2515 | D:3      | Reached XP level 5. HP: 30/34 MP: 5/5
  2941 | D:4      | Reached XP level 6. HP: 25/39 MP: 6/6
  3289 | D:4      | Found an iron altar of Okawaru.
  3339 | D:4      | Reached *** piety under Trog
  3720 | D:4      | Noticed a phantom
  3736 | D:4      | Reached skill level 5 in Fighting
  3736 | D:4      | Reached XP level 7. HP: 38/44 MP: 7/7
  3994 | D:4      | Reached skill level 5 in Maces & Flails
  4394 | D:5      | Entered Level 5 of the Dungeon
  4483 | D:5      | Noticed Eustachio
  4508 | D:5      | HP: 2/44 [orc priest/divine providence (11)]
  4520 | D:5      | Killed from afar by an orc priest

Skill      XL: |  1  2  3  4  5  6  7 |
---------------+----------------------+-----
Fighting       | 4 5 |  5.4
Dodging        | 2 3 4 |  4.4
Armour         | 3 4 |  4.7
Maces & Flails | 4 5 |  5.1
Stealth        | |  0.2

Action                   |  1- 3 |  4- 6 |  7- 9 || total
-------------------------+-------+-------+-------++-------
Melee: Mace              |   114 |   231 |   103 ||   448
Invok: Berserk           |     1 |       |     2 ||     3
  Use: Scroll            |       |       |     7 ||     7
       Potion            |       |       |     2 ||     2
  Eat: Chunk             |     4 |     6 |     4 ||    14
Armor: Animal skin       |    26 |       |       ||    26
       Leather armour    |    28 |     6 |       ||    34
       Ring mail         |       |    60 |       ||    60
       Chain mail        |       |   108 |    90 ||   198
Dodge: Dodged            |    87 |   144 |    60 ||   291
